 Dungeon Crawl Stone Soup version 0.29.0-4-gdea44cf6ec (webtiles) character file.

Game seed: 11038533409670909688

9 qw the Caller (level 2, 0/23 HPs)
             Began as a Ghoul Summoner on Sept 10, 2022.
             Slain by a ball python (2 damage)
             ... on level 1 of the Dungeon.
             The game lasted 00:00:14 (856 turns).

qw the Caller (Ghoul Summoner)                       Turns: 856, Time: 00:00:14

Health: 0/23       AC:  2    Str: 11    XL:     2   Next: 12%
Magic:  0/3        EV:  9    Int: 10    God:
Gold:   15         SH:  0    Dex:  9    Spells: 3/4 levels left

rFire   . . .      SeeInvis .   f - +0 club
rCold   + . .      Faith    .   (no shield)
rNeg    + + +      Spirit   .   a - +0 robe
rPois   inf        Reflect  .   (no helmet)
rElec   .          Harm     .   (no cloak)
rCorr   .          Rampage  .   (no gloves)
Will    .....                   (no boots)
Stlth   ++........              (no amulet)
HPRegen 0.00/turn               (no ring)
MPRegen 0.08/turn               (no ring)

@: inhibited regen, constricted
A: claws 1, cold resistance 1, negative energy resistance 3, inhibited
regeneration, torment resistance 2, devour on kill
a: no special abilities


You were on level 1 of the Dungeon.
You visited 1 branch of the dungeon, and saw 1 of its levels.

You collected 15 gold pieces.


Innate Abilities, Weirdness & Mutations

You are immune to poison.
You have sharp fingernails.
Your flesh is cold resistant. (rC+)
You are immune to negative energy. (rN+++)
You do not regenerate when monsters are visible.
You are immune to unholy pain and torment.
You thrive by killing the living.


   Skills:
 - Level 1.0 Fighting
 + Level 1.1 Axes
 - Level 1.7 Dodging
 - Level 2.1 Stealth
 - Level 1.7 Spellcasting
 - Level 3.6 Summonings


You had 3 spell levels left.
You knew the following spells:

 Your Spells              Type           Power      Damage    Failure   Level
a - Summon Small Mammal   Summ           32%        N/A       8%          1

Your spell library contained the following spells:

 Spells                   Type           Power      Damage    Failure   Level
 Call Imp                 Summ           8%         N/A       11%         2
 Call Canine Familiar     Summ           8%         N/A       22%         3
 Summon Guardian Golem    Hex/Summ       4%         N/A       43%         3
 Summon Lightning Spire   Summ/Air       4%         N/A       83%         4

Inventory:

Hand Weapons
 f - a +0 club (weapon)
Armour
 a - a +0 robe (worn)
 g - a +2 hat
 l - a +0 ring mail
Scrolls
 e - 2 scrolls of identify {unknown}
 h - a scroll of enchant weapon {unknown}
 i - a scroll of blinking {unknown}
 k - a scroll of butterflies {unknown}
Potions
 b - a potion of magic
 c - a potion of mutation {unknown}
 d - a potion of attraction {unknown}
 j - a potion of might {unknown}

Dungeon Overview and Level Annotations

Branches:
Dungeon (1/15)

Altars:


Message History

Your rat disappears in a puff of smoke!
Your bat hits the hobgoblin but does no damage.
The hobgoblin hits your bat.
Your bat dies!
Your bat's corpse disappears in a puff of smoke!
The hobgoblin throws a boomerang.
The boomerang hits you.
Your rat barely misses the hobgoblin.
The hobgoblin throws a boomerang.
The boomerang closely misses you.
Your rat closely misses the hobgoblin.
The hobgoblin throws a boomerang.
The boomerang hits you.
Your rat bites the hobgoblin but does no damage.
A ball python comes into view.
Your rat bites the hobgoblin but does no damage.
The hobgoblin throws a boomerang.
The boomerang barely misses you.
Your rat bites the hobgoblin.
The hobgoblin throws a boomerang.
The boomerang hits you.
Your rat bites the hobgoblin but does no damage.
The ball python barely misses you. The ball python grabs you.
The ball python constricts you. The hobgoblin hits you.
Your rat barely misses the hobgoblin.
You hit the ball python but do no damage.
The ball python bites you but does no damage.
The ball python constricts you. The hobgoblin barely misses you.
Your rat misses the hobgoblin. The ball python barely misses you.
The ball python constricts you.
You hit the ball python.
The ball python is heavily wounded.
The hobgoblin barely misses you. The ball python barely misses you.
The ball python constricts you.
Your rat bites the hobgoblin.
The hobgoblin hits you.
855 ||| CASTING Summon Small Mammal
Casting: Summon Small Mammal (safe; 8% risk of failure)
Confirm with . or Enter, or press ? or * to list all spells.
The ball python completely misses you. The ball python constricts you.
Your rat barely misses the hobgoblin.
The hobgoblin hits you.
You closely miss the ball python.
The ball python is heavily wounded.
The ball python closely misses you. The ball python constricts you.
Your rat barely misses the hobgoblin.
The ball python bites you.
You die...

. ##'# ..#. # ...
...#.### #.#...#
#.....################
#...g@.#.#.#.#(#.#.#.#
#..rSr#.#.#.#.#.#.#.#.
#......###.###.###.###
#.....#.#.#.#.#.#.#.#.
#......#.#.#.#.#.#.#.#
#.#.....################
#......##
######.#################
#.#................


You could see a hobgoblin (ally target), a ball python and 2 friendly rats.

Vanquished Creatures
  2 jackals (D:1)
  A kobold (D:1)
  A quokka (D:1)
4 creatures vanquished.

Vanquished Creatures (collateral kills)
  An endoplasm (D:1)
  A goblin (D:1)
  A rat (D:1)
3 creatures vanquished.

Grand Total: 7 creatures vanquished

Notes
Turn   | Place    | Note
-------+----------+-------------------------------------------
     0 | D:1      | qw the Ghoul Summoner began the quest for the Orb.
     0 | D:1      | Reached XP level 1. HP: 14/14 MP: 2/2
     0 | D:1      | 0 ||| qw: Version: 0.1-a-113-g051387a
     0 | D:1      | 0 ||| qw: Game counter: 7395
     0 | D:1      | 0 ||| qw: Always use a shield: true
     0 | D:1      | 0 ||| qw: God list: Okawaru
     0 | D:1      | 0 ||| qw: Allow faded altars: false
     0 | D:1      | 0 ||| qw: Do Orc after D:15 true
     0 | D:1      | 0 ||| qw: Do second Lair branch before Depths: true
     0 | D:1      | 0 ||| qw: Lair rune preference: random
     0 | D:1      | 0 ||| qw: Plans: Normal
     0 | D:1      | 0 ||| PLANNING D:1-11
    51 | D:1      | 51 ||| CASTING Summon Small Mammal
    52 | D:1      | 52 ||| CASTING Summon Small Mammal
    78 | D:1      | 78 ||| Wielding weapon +0 club.
    88 | D:1      | 88 ||| CASTING Summon Small Mammal
    89 | D:1      | 89 ||| CASTING Summon Small Mammal
   442 | D:1      | 442 ||| CASTING Summon Small Mammal
   443 | D:1      | 443 ||| CASTING Summon Small Mammal
   446 | D:1      | Reached skill level 1 in Axes
   472 | D:1      | 472 ||| CASTING Summon Small Mammal
   473 | D:1      | 473 ||| CASTING Summon Small Mammal
   501 | D:1      | 501 ||| CASTING Summon Small Mammal
   502 | D:1      | 502 ||| CASTING Summon Small Mammal
   516 | D:1      | 516 ||| CASTING Summon Small Mammal
   525 | D:1      | 525 ||| CASTING Summon Small Mammal
   528 | D:1      | Reached skill level 1 in Fighting
   528 | D:1      | Reached XP level 2. HP: 9/23 MP: 0/3
   842 | D:1      | 842 ||| CASTING Summon Small Mammal
   843 | D:1      | 843 ||| CASTING Summon Small Mammal
   844 | D:1      | 844 ||| CASTING Summon Small Mammal
   855 | D:1      | 855 ||| CASTING Summon Small Mammal
   855 | D:1      | HP: 2/23 [hobgoblin (4)]
   856 | D:1      | Slain by a ball python

Levels and vault maps discovered:
D:1:      psy_arrival_statuary, layout_basic, roderic_roman_lattice

Skill      XL: |  1 |
---------------+----+-----
Axes           | 1 |  1.1
Fighting       | 1 |  1.0
Dodging        | |  1.7
Stealth        | |  2.1
Spellcasting   | |  1.7
Summonings     | |  3.6

Action                   || total
-------------------------++-------
Melee: Club              ||    23
       Unarmed           ||     1
 Cast: Summon Small Mamm ||    15
Armor: Robe              ||     8
Dodge: Dodged            ||    28

Table legend:
 A = Non-vault XP
 B = Vault XP
 C = Vault XP percentage of total XP
 D = Non-vault monster count
 E = Vault monster count
 F = Vault count percentage of total count
                 A         B        C        D         E       F
            +---------+---------+-------+---------+---------+-------
      Total |      13 |       0 |   0.0 |       7 |       0 |   0.0
            +---------+---------+-------+---------+---------+-------
        D:1 |      13 |       0 |   0.0 |       7 |       0 |   0.0
            +---------+---------+-------+---------+---------+-------
